TOP OF THE 1ST |
Arizona State University Sun Devils batting - Pitching for Oregon State University Beavers : RHP Rimbo Zhu
|
Pitching: RHP Rimbo Zhu
|
|
Batting: LHB Eric Russell
|
0-0: Ball 1-0: Swinging Strike 1-1: Called Strike 1-2: Foul Ball, location: 2F 1-2: Ground out 5-3 (Groundball, 56S, EV 71.2 MPH)
|
Batting: RHB Rusty Gee
|
0-0: SINGLE (Groundball, 6M, EV 108.1 MPH) (infield hit)
|
Batting: LHB Randy Marquez
|
0-0: Foul Ball, location: 2F 0-1: Swinging Strike 0-2: Ball 1-2: Foul Ball, location: 2F 1-2: Ball Rusty Gee is caught stealing 2nd base 2-6 2-2: Ball 3-2: Foul Ball, location: 2F 3-2: Strikes out swinging
|
Top of the 1st over - 0 runs, 1 hit, 0 errors, 0 left on base; Arizona State University 0 - Oregon State University 0 |
BOTTOM OF THE 1ST |
Oregon State University Beavers batting - Pitching for Arizona State University Sun Devils : RHP Jonathan Powell
|
Pitching: RHP Jonathan Powell
|
|
Batting: SHB Sosaia Apelahama
|
0-0: Foul Ball, location: 2F 0-1: Swinging Strike 0-2: Strikes out swinging
|
Batting: RHB Lionello Pancaldi
|
0-0: Called Strike 0-1: Called Strike 0-2: Ball 1-2: Foul Ball, location: 2F 1-2: Ball 2-2: Ball 3-2: Strikes out swinging
|
Batting: RHB Rafael Ventura
|
0-0: Ground out U3 (Groundball, 3S, EV 80.0 MPH)
|
Bottom of the 1st over - 0 runs, 0 hits, 0 errors, 0 left on base; Arizona State University 0 - Oregon State University 0 |
TOP OF THE 2ND |
Arizona State University Sun Devils batting - Pitching for Oregon State University Beavers : RHP Rimbo Zhu
|
Batting: LHB Justin Vitali
|
0-0: Ball 1-0: SINGLE (Groundball, 4MD, EV 96.2 MPH)
|
Batting: LHB Burraga Iukini
|
0-0: Called Strike 0-1: Called Strike 0-2: Strikes out looking
|
Batting: RHB Hervé Papin
|
0-0: Foul Ball, location: 2F 0-1: Swinging Strike 0-2: Strikes out swinging
|
Batting: RHB John Burgis
|
0-0: Fielders Choice at 2nd, 6-4 (Groundball, 6, EV 86.9 MPH)
|
Top of the 2nd over - 0 runs, 1 hit, 0 errors, 1 left on base; Arizona State University 0 - Oregon State University 0 |
BOTTOM OF THE 2ND |
Oregon State University Beavers batting - Pitching for Arizona State University Sun Devils : RHP Jonathan Powell
|
Batting: LHB Jason Trevarrow
|
0-0: Ball 1-0: Swinging Strike 1-1: Foul Ball, location: 2F 1-2: Ball 2-2: Foul Ball, location: 2F 2-2: Ground out 6-3 (Groundball, 6, EV 97.5 MPH)
|
Batting: LHB Pablo Fraga
|
0-0: Ball 1-0: Foul Ball, location: 2F 1-1: Swinging Strike 1-2: Strikes out swinging
|
Batting: RHB Israel Soto
|
0-0: Called Strike 0-1: Foul Ball, location: 2F 0-2: Hit by Pitch
|
Batting: LHB Brock Darby
|
0-0: Ball 1-0: Swinging Strike 1-1: Swinging Strike 1-2: Strikes out swinging
|
Bottom of the 2nd over - 0 runs, 0 hits, 0 errors, 1 left on base; Arizona State University 0 - Oregon State University 0 |
TOP OF THE 3RD |
Arizona State University Sun Devils batting - Pitching for Oregon State University Beavers : RHP Rimbo Zhu
|
Batting: RHB Jun-hyuk Leem
|
0-0: Ball 1-0: Foul Ball, location: 2F 1-1: Ball 2-1: Ball 3-1: Fly out, F7 (Flyball, 78D, EV 105.0 MPH)
|
Batting: LHB Timon Giorgiou
|
0-0: Called Strike 0-1: Swinging Strike 0-2: Ball 1-2: Foul Ball, location: 2F 1-2: Strikes out swinging
|
Batting: LHB Eric Russell
|
0-0: Called Strike 0-1: Ball 1-1: Ball 2-1: Ball 3-1: Called Strike 3-2: Foul Ball, location: 2F 3-2: SINGLE (Line Drive, 78S, EV 91.2 MPH)
|
Batting: RHB Rusty Gee
|
0-0: Ball 1-0: Ball 2-0: Called Strike Eric Russell is caught stealing 2nd base 2-4
|
Top of the 3rd over - 0 runs, 1 hit, 0 errors, 0 left on base; Arizona State University 0 - Oregon State University 0 |
BOTTOM OF THE 3RD |
Oregon State University Beavers batting - Pitching for Arizona State University Sun Devils : RHP Jonathan Powell
|
Batting: RHB Kyle McCunn
|
0-0: Ball 1-0: Foul Ball, location: 2F 1-1: Foul Ball, location: 2F 1-2: Foul Ball, location: 2F 1-2: Ball 2-2: Foul Ball, location: 2F 2-2: Foul Ball, location: 2F 2-2: Foul Ball, location: 2F 2-2: Strikes out looking
|
Batting: SHB Manny Zatarain
|
0-0: Called Strike 0-1: Ball 1-1: Fly out, F7 (Line Drive, 7D, EV 98.8 MPH)
|
Batting: SHB Sosaia Apelahama
|
0-0: Called Strike 0-1: Ball 1-1: Ball 2-1: Ball 3-1: Called Strike 3-2: SINGLE (Groundball, 34D, EV 101.9 MPH)
|
Batting: RHB Lionello Pancaldi
|
0-0: Ball 1-0: Foul Ball, location: 2F 1-1: Ball 2-1: Fielders Choice at 2nd, 6-4 (Groundball, 6, EV 101.9 MPH)
|
Bottom of the 3rd over - 0 runs, 1 hit, 0 errors, 1 left on base; Arizona State University 0 - Oregon State University 0 |
TOP OF THE 4TH |
Arizona State University Sun Devils batting - Pitching for Oregon State University Beavers : RHP Rimbo Zhu
|
Batting: RHB Rusty Gee
|
0-0: Called Strike 0-1: Ball 1-1: Foul Ball, location: 2F 1-2: Ball 2-2: Ball 3-2: Ground out 5-3 (Groundball, 56, EV 86.2 MPH)
|
Batting: LHB Randy Marquez
|
0-0: Ground out 5-3 (Groundball, 56, EV 88.1 MPH)
|
Batting: LHB Justin Vitali
|
0-0: Called Strike 0-1: Called Strike 0-2: Strikes out swinging, 2-3 out at first.
|
Top of the 4th over - 0 runs, 0 hits, 0 errors, 0 left on base; Arizona State University 0 - Oregon State University 0 |
BOTTOM OF THE 4TH |
Oregon State University Beavers batting - Pitching for Arizona State University Sun Devils : RHP Jonathan Powell
|
Batting: RHB Rafael Ventura
|
0-0: Foul Ball, location: 2F 0-1: Foul Ball, location: 2F 0-2: Ball 1-2: Ball 2-2: SINGLE (Line Drive, 3D, EV 105.6 MPH)
|
Batting: LHB Jason Trevarrow
|
0-0: SINGLE (Groundball, 34D, EV 98.1 MPH) Rafael Ventura to second Runner from 2nd tries for 3rd, SAFE, throw by RF made to third
|
Batting: LHB Pablo Fraga
|
0-0: Called Strike 0-1: Foul Ball, location: 2F 0-2: Strikes out swinging
|
Batting: RHB Israel Soto
|
0-0: Ball 1-0: Fly out, F8 (Flyball, 8LM, EV 87.5 MPH) Runner from 3rd tags up, SCORES, throw by CF
|
Batting: LHB Brock Darby
|
0-0: Called Strike 0-1: Ball 1-1: Fly out, F8 (Line Drive, 8LM, EV 91.9 MPH)
|
Bottom of the 4th over - 1 run, 2 hits, 0 errors, 1 left on base; Arizona State University 0 - Oregon State University 1 |
TOP OF THE 5TH |
Arizona State University Sun Devils batting - Pitching for Oregon State University Beavers : RHP Rimbo Zhu
|
Batting: LHB Burraga Iukini
|
0-0: Called Strike 0-1: Foul Ball, location: 2F 0-2: Foul Ball, location: 2F 0-2: Foul Ball, location: 2F 0-2: Ball 1-2: Strikes out swinging
|
Batting: RHB Hervé Papin
|
0-0: Called Strike 0-1: Ball 1-1: Swinging Strike 1-2: Ground out 5-3 (Groundball, 56S, EV 73.8 MPH)
|
Batting: RHB John Burgis
|
0-0: Foul Ball, location: 2F 0-1: Called Strike 0-2: Strikes out swinging
|
Top of the 5th over - 0 runs, 0 hits, 0 errors, 0 left on base; Arizona State University 0 - Oregon State University 1 |
BOTTOM OF THE 5TH |
Oregon State University Beavers batting - Pitching for Arizona State University Sun Devils : RHP Jonathan Powell
|
Batting: RHB Kyle McCunn
|
0-0: Swinging Strike 0-1: Ball 1-1: Swinging Strike 1-2: Ball 2-2: Foul Ball, location: 2F 2-2: Strikes out swinging
|
Batting: SHB Manny Zatarain
|
0-0: Ball 1-0: Ball 2-0: Called Strike 2-1: DOUBLE (Line Drive, 78M, EV 95.6 MPH)
|
Batting: SHB Sosaia Apelahama
|
0-0: Called Strike 0-1: Swinging Strike 0-2: Ball 1-2: Ball 2-2: Strikes out swinging
|
Pitching: RHP Zhang Hsieh
|
|
Batting: RHB Lionello Pancaldi
|
0-0: Ball 1-0: Called Strike 1-1: Ball 2-1: Foul Ball, location: 2F 2-2: Ball 3-2: Base on Balls
|
Batting: RHB Rafael Ventura
|
0-0: Called Strike 0-1: Swinging Strike 0-2: Fielders Choice at 2nd, 5-4 (Groundball, 5L, EV 86.2 MPH)
|
Bottom of the 5th over - 0 runs, 1 hit, 0 errors, 2 left on base; Arizona State University 0 - Oregon State University 1 |
TOP OF THE 6TH |
Arizona State University Sun Devils batting - Pitching for Oregon State University Beavers : RHP Rimbo Zhu
|
Batting: RHB Jun-hyuk Leem
|
0-0: Called Strike 0-1: Ground out 5-3 (Groundball, 56, EV 83.1 MPH)
|
Batting: LHB Timon Giorgiou
|
0-0: Hit by Pitch
|
Batting: LHB Eric Russell
|
0-0: Ball Timon Giorgiou steals 2nd base 1-0: Ball 2-0: Called Strike 2-1: Ball 3-1: Base on Balls
|
Batting: RHB Rusty Gee
|
0-0: Foul Ball, location: 2F 0-1: Called Strike 0-2: Fly out, F7 (Flyball, 78M, EV 97.5 MPH)
|
Batting: LHB Randy Marquez
|
0-0: Ball 1-0: Ball 2-0: Ball 3-0: Base on Balls Timon Giorgiou to third Eric Russell to second
|
Pitching: RHP Sun-dong Pak
|
|
Batting: LHB Justin Vitali
|
0-0: Foul Ball, location: 2F 0-1: Ball 1-1: Called Strike 1-2: Foul Ball, location: 2F 1-2: Strikes out swinging
|
Top of the 6th over - 0 runs, 0 hits, 0 errors, 3 left on base; Arizona State University 0 - Oregon State University 1 |
BOTTOM OF THE 6TH |
Oregon State University Beavers batting - Pitching for Arizona State University Sun Devils : RHP Zhang Hsieh
|
Batting: LHB Jason Trevarrow
|
0-0: Swinging Strike 0-1: Ball 1-1: Swinging Strike 1-2: Strikes out swinging
|
Batting: LHB Pablo Fraga
|
0-0: Called Strike 0-1: Ball 1-1: Foul Ball, location: 2F 1-2: Ball 2-2: Ball 3-2: Foul Ball, location: 2F 3-2: Foul Ball, location: 2F 3-2: Ground out U3 (Groundball, 3, EV 100.0 MPH)
|
Batting: RHB Israel Soto
|
0-0: Ball 1-0: Called Strike 1-1: Ball 2-1: Foul Ball, location: 2F 2-2: Ball 3-2: Base on Balls
|
Batting: LHB Brock Darby
|
0-0: Ball 1-0: Ball 2-0: Ball 3-0: Called Strike 3-1: Foul Ball, location: 2F 3-2: Strikes out swinging
|
Bottom of the 6th over - 0 runs, 0 hits, 0 errors, 1 left on base; Arizona State University 0 - Oregon State University 1 |
TOP OF THE 7TH |
Arizona State University Sun Devils batting - Pitching for Oregon State University Beavers : RHP Sun-dong Pak
|
Batting: LHB Burraga Iukini
|
0-0: SINGLE (Groundball, 5S, EV 70.6 MPH) (infield hit)
|
Batting: RHB Hervé Papin
|
0-0: Ball 1-0: Bunted foul 1-1: Bunt missed! 1-2: Foul Ball, location: 2F 1-2: Fly out, F4 (Line Drive, 4, EV 63.1 MPH)
|
Batting: RHB John Burgis
|
0-0: Swinging Strike 0-1: Foul Ball, location: 2F 0-2: Strikes out swinging Burraga Iukini is caught stealing 2nd base 2-4 Batter strikes out.
|
Top of the 7th over - 0 runs, 1 hit, 0 errors, 0 left on base; Arizona State University 0 - Oregon State University 1 |
BOTTOM OF THE 7TH |
Oregon State University Beavers batting - Pitching for Arizona State University Sun Devils : RHP Zhang Hsieh
|
Pitching: LHP T.J. Conner
|
|
Batting: RHB Kyle McCunn
|
0-0: Called Strike 0-1: Swinging Strike 0-2: Foul Ball, location: 2F 0-2: Strikes out swinging
|
Batting: SHB Manny Zatarain
|
0-0: Ball 1-0: Swinging Strike 1-1: Ball 2-1: Foul Ball, location: 2F 2-2: Foul Ball, location: 2F 2-2: Strikes out swinging
|
Batting: SHB Sosaia Apelahama
|
0-0: Ball 1-0: Ground out 1-3 (Groundball, 13S, EV 70.6 MPH)
|
Bottom of the 7th over - 0 runs, 0 hits, 0 errors, 0 left on base; Arizona State University 0 - Oregon State University 1 |
TOP OF THE 8TH |
Arizona State University Sun Devils batting - Pitching for Oregon State University Beavers : RHP Sun-dong Pak
|
Batting: RHB Jun-hyuk Leem
|
0-0: Ball 1-0: Ground out 5-3 (Groundball, 5L, EV 107.5 MPH)
|
Batting: LHB Timon Giorgiou
|
0-0: Ball 1-0: Foul Ball, location: 2F 1-1: SINGLE (Line Drive, 6MD, EV 100.0 MPH)
|
Pitching: RHP Bill Vadeboncoeur
|
|
Batting: LHB Eric Russell
|
0-0: Ball 1-0: Fly out, F8 (Flyball, 8RD, EV 96.9 MPH)
|
Batting: RHB Rusty Gee
|
0-0: Called Strike 0-1: Called Strike 0-2: Ball 1-2: Ball 2-2: Ball 3-2: Base on Balls Timon Giorgiou to second
|
Pitching: LHP Mark Sander
|
|
Batting: LHB Randy Marquez
|
0-0: Ball 1-0: Fly out, F9 (Flyball, 9, EV 89.4 MPH)
|
Top of the 8th over - 0 runs, 1 hit, 0 errors, 2 left on base; Arizona State University 0 - Oregon State University 1 |
BOTTOM OF THE 8TH |
Oregon State University Beavers batting - Pitching for Arizona State University Sun Devils : LHP T.J. Conner
|
Batting: RHB Lionello Pancaldi
|
0-0: Swinging Strike 0-1: Swinging Strike 0-2: Strikes out swinging
|
Batting: RHB Rafael Ventura
|
0-0: Called Strike 0-1: Ball 1-1: Called Strike 1-2: Strikes out swinging
|
Batting: RHB Luis Flores
|
0-0: Ball 1-0: Foul Ball, location: 2F 1-1: Foul Ball, location: 2F 1-2: Ball 2-2: DOUBLE (Line Drive, 5D, EV 101.2 MPH)
|
Batting: LHB Pablo Fraga
|
0-0: Called Strike 0-1: Ball 1-1: Ball 2-1: Swinging Strike 2-2: Ball 3-2: Fly out, F8 (Line Drive, 8LM, EV 95.6 MPH)
|
Bottom of the 8th over - 0 runs, 1 hit, 0 errors, 1 left on base; Arizona State University 0 - Oregon State University 1 |
TOP OF THE 9TH |
Arizona State University Sun Devils batting - Pitching for Oregon State University Beavers : LHP Mark Sander
|
Pitching: RHP Wang-fen Ang
|
|
Batting: LHB Justin Vitali
|
0-0: Swinging Strike 0-1: Foul Ball, location: 2F 0-2: Ball 1-2: Ball 2-2: Ball 3-2: Strikes out looking
|
Batting: LHB Burraga Iukini
|
0-0: Ball 1-0: Foul Ball, location: 2F 1-1: Ball 2-1: Foul Ball, location: 2F 2-2: Foul Ball, location: 2F 2-2: Strikes out swinging
|
Batting: RHB Hervé Papin
|
0-0: Called Strike 0-1: Called Strike 0-2: Foul Ball, location: 2F 0-2: Foul Ball, location: 2F 0-2: Strikes out swinging
|
Top of the 9th over - 0 runs, 0 hits, 0 errors, 0 left on base; Arizona State University 0 - Oregon State University 1 |
|